Map: Dusty Gorge

Players

OpuS - Winner!

  • Race: Protoss Protoss
  • League: Diamond
  • Spawn Location: 11:00

Sketchaphone - Winner!

  • Race: Zerg Zerg
  • League: Gold
  • Spawn Location: 9:00

platypus

  • Race: Protoss Protoss
  • League: Diamond
  • Spawn Location: 5:00

Ghosthouse

  • Race: Zerg Zerg
  • League: Platinum
  • Spawn Location: 3:00

VOD

Have the link to the VOD?

Description

Time

  • Played on: Jan. 8, 2019, 8:53 p.m.
  • Length: 18:43
Show
View Real Time Build Order
Export as new Build Order

OpuS Protoss - Winner!

Build Orders: Zealot Archon 

Get SALT Encoding   

  12  0:01  Probe  
  13  0:13  Probe  
  14  0:23  Pylon  
  14  0:25  Probe  
  15  0:40  Probe  
  16  0:45  Gateway  
  16  0:48  Probe  
  16  0:56  Probe  
  17  0:59  Assimilator  
  18  1:12  Probe  
  18  1:16  Gateway  
  19  1:20  Probe  
  20  1:28  Pylon  
  20  1:37  Cybernetics Core  
  20  1:38  Probe  
  21  1:51  Probe  
  22  2:11  Adept, Assimilator  
  22  2:12  Adept  
  22  2:13  Probe  
  26  2:21  Probe  
  27  2:27  Warp Gate  
  28  2:30  Pylon  
  28  2:33  Gateway  
  28  2:52  Twilight Council  
  28  2:54  Gateway  
  28  3:16  Nexus  
  28  3:17  Charge  
  28  3:20  Probe  
  28  3:55  Probe  
  29  4:06  Pylon  
  29  4:16  Zealot x3  
  29  4:17  Zealot  
  37  4:22  Probe  
  38  4:31  Probe  
  38  4:34  Probe  
  40  4:44  Probe  
  41  4:46  Probe  
  41  4:47  Zealot x4  
  50  4:58  Forge  
  50  5:00  Probe x2  
  52  5:13  Templar Archives  
  52  5:15  Probe x2  
  54  5:34  Protoss Ground Weapons Level 1  
  50  5:40  Zealot x4  
  56  5:45  Probe x2  
  46  5:57  Probe x2  
  46  6:01  Pylon  
  46  6:03  Pylon  
  46  6:05  Zealot  
  46  6:06  Zealot x2  
  46  6:07  Zealot  
  54  6:13  Probe  
  54  6:14  Probe  
  54  6:17  Assimilator  
  56  6:21  Assimilator  
  56  6:28  High Templar x2  
  56  6:29  High Templar x2  
  64  6:37  Archon x2, Gateway  
  64  6:38  Probe, Gateway  
  64  6:39  Probe  
  66  6:51  Probe x2  
  68  7:03  High Templar x3  
  68  7:05  Probe  
  68  7:06  Probe  
  76  7:09  High Templar  
  76  7:11  Archon  
  76  7:13  Archon  
  76  7:14  Protoss Ground Weapons Level 2  
  78  7:21  Forge  
  68  7:23  Forge  
  62  7:44  Gateway  
  62  7:46  Gateway  
  62  7:50  Pylon  
  62  7:51  Zealot x5  
  66  7:52  Pylon  
  66  7:53  Pylon  
  66  7:54  Zealot  
  66  7:55  Pylon  
  66  8:13  High Templar x3  
  66  8:18  High Templar  
  72  8:20  Zealot x2  
  72  8:25  Protoss Ground Armor Level 1  
  76  8:40  Archon x2  
  76  8:48  Nexus  
  76  8:51  Assimilator  
  76  8:53  Zealot x3  
  76  8:55  High Templar, Assimilator  
  80  8:56  High Templar  
  80  8:59  Pylon  
  80  9:00  Pylon  
  80  9:02  Pylon  
  78  9:11  Archon  
  68  9:32  Probe x2  
  68  9:35  Zealot  
  68  9:36  Zealot x4  
  68  9:37  Zealot x2  
  84  9:39  Zealot  
  84  9:44  Probe  
  87  10:01  Probe x3  
  87  10:05  Gateway  
  90  10:14  Gateway  
  90  10:16  Gateway  
  90  10:21  Gateway  
  90  10:25  Protoss Ground Weapons Level 3  
  90  10:26  Probe  
  90  10:27  Probe x2  
  93  10:33  Dark Shrine  
  93  11:04  Probe x3  
  96  11:12  Protoss Ground Armor Level 2  
  96  11:13  Protoss Shields Level 1  
  96  11:29  Probe x3  
  93  11:35  Shadow Stride  
  75  11:41  Probe x3  
  75  11:46  Dark Templar x2  
  75  11:47  Dark Templar x6  
  68  11:48  Dark Templar x3  
  68  11:53  Probe x3  
  79  11:59  Dark Templar  
  81  12:05  Probe  
  80  12:44  Zealot  
  80  12:45  Zealot x7  
  80  12:46  Zealot x4  
  104  13:02  Nexus  
  104  13:04  Pylon  
  104  13:06  Assimilator  
  104  13:11  Assimilator  
  104  13:25  Zealot  
  104  13:26  Zealot x5  
  114  13:27  Zealot x5  
  114  13:28  Zealot  
  122  13:47  Protoss Shields Level 2, Protoss Ground Armor Level 3  
  106  13:52  High Templar x3  
  106  13:53  High Templar x4  
  106  13:54  High Templar x4  
  128  13:58  Probe  
  128  14:01  Probe x2  
  131  14:07  Archon x2  
  131  14:12  Archon x3  
  131  14:16  Gateway  
  131  14:18  Gateway  
  131  14:20  Gateway  
  131  14:36  Gateway  
  131  14:43  Pylon  
  131  14:44  Pylon  
  97  15:08  Dark Templar x3  
  97  15:09  Dark Templar x6  
  97  15:10  Dark Templar  
  97  15:13  Dark Templar  
  111  15:15  Probe  
  108  15:34  Probe x3  
  108  15:35  Probe  
  112  15:46  Probe  
  112  15:49  Zealot x4  
  119  15:50  Zealot x5  
  125  16:05  Zealot  
  125  16:06  Zealot x4  
  135  16:39  High Templar x6  
  143  16:40  High Templar x4  
  143  16:41  High Templar  
  143  16:42  High Templar x3  
  143  16:43  High Templar x2  
  161  16:47  Archon x4  
  161  16:48  Archon x3  
  161  16:49  Archon  
  161  16:52  Probe x2  
  161  16:53  Probe x2  
  159  17:04  Probe x2  
  159  17:05  Probe  
  150  17:33  Zealot x5  
  150  17:34  Zealot x5  
  150  17:35  Zealot x2  
  150  17:36  Zealot x2  
  178  18:01  Zealot  
  178  18:02  Zealot x4  
  188  18:17  Pylon  
  188  18:19  Pylon  
  188  18:20  Pylon  
  188  18:22  Pylon  
  188  18:33  Dark Templar  
Show
View Real Time Build Order
Export as new Build Order

Sketchaphone Zerg - Winner!

Build Orders: Hatch First 

Get SALT Encoding   

  12  0:01  Drone  
  13  0:14  Overlord  
  13  0:19  Drone  
  14  0:32  Drone  
  14  0:33  Drone  
  16  0:46  Drone  
  17  1:03  Drone  
  18  1:04  Hatchery  
  17  1:14  Spawning Pool  
  17  1:16  Drone  
  17  1:21  Extractor  
  17  1:23  Drone  
  18  1:25  Drone  
  18  1:30  Drone  
  19  1:42  Drone  
  20  1:51  Overlord  
  20  2:03  Overlord  
  20  2:10  Queen  
  20  2:14  Drone  
  23  2:16  Zergling x2  
  23  2:19  Queen  
  26  2:24  Metabolic Boost  
  26  2:25  Zergling x2  
  27  2:52  Roach Warren  
  26  3:01  Drone  
  26  3:03  Drone  
  26  3:04  Drone x2  
  26  3:05  Zergling x4  
  31  3:12  Overlord  
  32  3:24  Drone  
  32  3:39  Drone x3  
  32  3:40  Overlord, Drone  
  36  3:56  Overlord  
  36  3:58  Roach x5  
  46  4:14  Overlord, Roach x2  
  50  4:20  Drone x2  
  52  4:29  Roach x2  
  56  4:35  Drone x2  
  56  4:37  Hatchery  
  57  4:43  Queen  
  51  5:03  Roach x8  
  59  5:11  Roach  
  59  5:14  Drone, Extractor  
  62  5:16  Overlord  
  62  5:17  Drone x2  
  63  5:29  Roach x2  
  63  5:30  Overlord  
  63  5:31  Drone  
  68  5:46  Roach  
  68  5:56  Zergling x12  
  72  6:02  Drone  
  72  6:03  Overlord, Drone  
  73  6:05  Evolution Chamber  
  73  6:09  Ravager  
  73  6:10  Zergling x2  
  74  6:12  Zergling x2  
  75  6:24  Zergling x2  
  76  6:34  Queen  
  76  6:35  Overlord  
  76  6:36  Zergling x14  
  85  6:44  Zergling x4, Zerg Ground Armor Level 1  
  85  6:45  Overlord  
  79  7:10  Roach x3  
  79  7:11  Roach x2  
  82  7:21  Roach x5  
  75  7:23  Zergling x4  
  48  7:37  Roach x2  
  48  7:43  Zergling x4  
  35  8:37  Queen  
  36  8:56  Hatchery  
  36  9:00  Hatchery  
  31  9:05  Hatchery  
  31  9:06  Roach x3  
  36  9:19  Drone  
  37  9:28  Drone  
  28  10:16  Overlord  
  28  10:21  Zerg Melee Weapons Level 1  
  28  10:22  Overlord  
  28  10:23  Drone  
  28  10:24  Drone x5  
  28  10:25  Queen  
  36  10:32  Drone  
  37  10:49  Evolution Chamber  
  36  10:54  Overlord  
  36  10:55  Overlord  
  36  11:07  Roach x2  
  29  11:25  Roach x2  
  28  12:01  Roach x3  
  12  12:47  Drone x3  
  12  12:49  Spine Crawler  
  14  13:05  Overlord  
  14  13:56  Drone x3  
  17  14:27  Zerg Missile Weapons Level 1  
  17  14:31  Hatchery  
  16  14:47  Overlord  
  16  15:08  Pneumatized Carapace  
  16  15:12  Overlord  
  16  15:13  Drone  
  16  15:14  Drone  
  18  15:59  Zergling x2  
  19  16:04  Spine Crawler  
  19  16:06  Spine Crawler  
  19  16:07  Roach  
  19  16:08  Spine Crawler  
  18  16:14  Roach x4  
  26  16:25  Drone  
  27  16:31  Drone x2  
  31  16:39  Drone  
  33  16:40  Drone  
  33  16:46  Drone  
  34  16:47  Drone  
  34  16:52  Extractor  
  34  17:19  Queen  
  34  17:21  Drone  
  37  17:25  Extractor  
  36  17:41  Spore Crawler  
  35  17:59  Hatchery  
  34  18:13  Hatchery  
Show
View Real Time Build Order
Export as new Build Order

platypus Protoss 

Build Orders:  

Get SALT Encoding   

  12  0:01  Probe  
  13  0:14  Pylon  
  13  0:19  Probe  
  14  0:33  Probe, Gateway  
  15  0:44  Probe, Assimilator  
  16  1:00  Probe  
  17  1:13  Probe  
  18  1:20  Cybernetics Core  
  18  1:25  Probe  
  19  1:38  Probe  
  19  1:39  Pylon  
  20  1:41  Assimilator  
  20  1:46  Probe  
  21  1:54  Probe  
  22  2:09  Probe  
  22  2:11  Warp Gate  
  23  2:16  Nexus  
  23  2:21  Probe  
  24  2:33  Probe  
  24  2:35  Stalker  
  25  2:38  Pylon  
  24  2:46  Probe  
  27  2:58  Probe  
  28  3:07  Gateway  
  28  3:10  Gateway  
  30  3:36  Gateway  
  30  3:38  Robotics Facility  
  30  3:52  Pylon  
  30  3:54  Probe  
  29  4:00  Probe  
  29  4:03  Probe  
  29  4:09  Probe  
  31  4:11  Probe  
  33  4:18  Probe  
  33  4:19  Stalker  
  33  4:20  Stalker x2  
  33  4:22  Immortal  
  33  4:23  Probe  
  45  4:39  Probe  
  45  4:43  Assimilator  
  46  4:47  Assimilator  
  46  4:51  Probe x2  
  48  4:53  Warp Prism  
  50  5:07  Stalker  
  50  5:08  Stalker x2  
  50  5:10  Probe  
  57  5:15  Probe  
  58  5:22  Probe, Observer  
  58  5:28  Sentry  
  56  5:42  Immortal  
  56  5:50  Zealot x3  
  62  6:10  Pylon  
  62  6:11  Pylon  
  62  6:13  Pylon  
  62  6:28  Probe, Forge  
  62  6:29  Forge  
  62  6:30  Pylon  
  62  6:32  Zealot x4  
  71  6:40  Protoss Ground Armor Level 1  
  71  6:44  Protoss Ground Weapons Level 1  
  71  6:52  Zealot x2  
  71  6:53  Zealot x2  
  79  7:13  Zealot x2  
  79  7:14  Zealot x2  
  87  7:34  Zealot x2  
  87  7:35  Zealot  
  93  7:42  Pylon  
  89  7:45  Pylon  
  89  7:48  Twilight Council  
  89  7:49  Probe  
  90  8:06  Nexus  
  90  8:07  Pylon  
  90  8:09  Assimilator  
  90  8:14  Assimilator  
  90  8:27  Protoss Ground Armor Level 2  
  90  8:29  Charge  
  90  8:31  Zealot x2  
  90  8:32  Zealot x2  
  94  8:36  Protoss Ground Weapons Level 2  
  94  8:39  Immortal  
  94  8:40  Gateway  
  98  8:41  Gateway  
  98  8:43  Gateway  
  98  8:44  Gateway  
  88  9:12  Templar Archives  
  88  9:14  Probe x2  
  88  9:15  Pylon  
  90  9:17  Pylon  
  90  9:22  Immortal  
  90  9:28  Pylon  
  90  9:32  Pylon  
  94  9:39  Probe x2  
  96  9:51  Probe  
  97  10:00  Psionic Storm  
  97  10:05  High Templar x2  
  97  10:06  High Templar x6  
  111  10:09  Archon  
  111  10:14  Immortal  
  111  10:16  Archon x2  
  115  10:26  Probe  
  115  10:27  Probe  
  117  10:29  Probe  
  117  10:35  Protoss Ground Armor Level 3  
  118  10:38  Probe  
  118  10:39  Probe  
  118  10:41  Probe  
  117  10:54  Immortal  
  117  10:56  Zealot x5  
  117  10:57  Zealot x3  
  125  11:17  Zealot x3  
  125  11:18  Zealot x5  
  129  11:35  Archon  
  97  11:59  Zealot x3  
  97  12:00  Zealot  
  105  12:06  Observer  
  105  12:12  High Templar x4  
  99  12:35  Zealot x4  
  99  12:36  Archon  
  95  12:45  Observer  
  95  12:50  Observer  
  92  12:58  Photon Cannon  
  92  13:02  Photon Cannon  
  92  13:09  Protoss Ground Weapons Level 3  
  92  13:11  Zealot x2, High Templar  
  92  13:12  High Templar x5  
  106  13:32  High Templar x2  
  110  13:34  Pylon  
  110  13:37  Pylon  
  110  13:38  Immortal  
  108  13:51  Protoss Shields Level 1  
  108  13:59  Zealot x2  
  112  14:03  Pylon  
  112  14:22  Zealot x4  
  112  14:23  Zealot x4  
  101  15:22  Zealot  
  101  15:23  Zealot x6  
  101  15:24  Zealot  
  117  15:34  Stargate x2  
  117  15:37  Stargate  
  117  15:38  Stargate  
  117  15:39  Pylon  
  117  15:41  Pylon  
  109  15:45  High Templar x3  
  109  15:46  High Templar x2  
  99  15:50  Archon  
  99  15:51  Archon  
  70  16:01  Zealot  
  70  16:02  Zealot x2  
  69  16:10  Void Ray x2  
  43  16:24  Zealot x2  
  43  16:25  Zealot x5  
  61  16:43  Stargate  
  61  16:46  Stargate  
  37  17:04  Zealot, Void Ray x2  
  37  17:05  Zealot x7  
  55  17:30  Zealot x3  
  55  17:32  Zealot x5  
  71  17:52  Void Ray x2  
  71  17:53  Void Ray  
  57  18:01  Zealot x7  
  87  18:21  Nexus  
  87  18:23  Pylon  
Show
View Real Time Build Order
Export as new Build Order

Ghosthouse Zerg 

Build Orders: Hatch First 

Get SALT Encoding   

  12  0:01  Drone  
  13  0:14  Overlord  
  13  0:25  Drone  
  14  0:32  Drone x2  
  16  0:53  Hatchery  
  15  0:58  Drone  
  15  0:59  Drone  
  15  1:02  Drone  
  18  1:06  Extractor  
  17  1:14  Drone  
  18  1:23  Spawning Pool  
  17  1:44  Drone  
  17  1:45  Drone x2  
  20  1:56  Drone  
  21  2:16  Drone  
  21  2:17  Drone x2  
  21  2:19  Metabolic Boost  
  21  2:21  Queen  
  26  2:22  Queen  
  28  2:51  Overlord x2  
  29  3:12  Zergling x2  
  29  3:13  Zergling x10  
  29  3:18  Evolution Chamber x2  
  32  3:29  Zergling x2  
  32  3:30  Zergling x2  
  34  3:45  Zerg Melee Weapons Level 1  
  34  3:46  Zerg Ground Armor Level 1  
  33  3:51  Zergling x2  
  33  3:52  Zergling x10  
  39  4:10  Hatchery  
  39  4:13  Drone  
  39  4:14  Drone x3  
  42  4:20  Drone  
  43  4:27  Overlord x2  
  31  5:11  Zergling x20  
  31  5:12  Zergling x2  
  41  5:22  Lair  
  41  5:24  Zergling x2  
  41  5:25  Baneling Nest, Zergling x10  
  41  5:27  Overlord  
  41  5:28  Overlord x2  
  42  5:50  Zergling x2  
  42  5:51  Zergling x12  
  49  6:06  Zergling x2  
  49  6:07  Zergling x14  
  57  6:19  Zerg Melee Weapons Level 2  
  57  6:23  Drone  
  57  6:24  Drone x3  
  57  6:25  Drone, Extractor  
  61  6:26  Drone x2  
  59  6:45  Drone  
  59  6:46  Drone x6  
  66  7:06  Zergling x14  
  66  7:07  Zergling x6  
  65  7:21  Zergling x8  
  50  7:27  Drone x4  
  46  7:38  Drone  
  46  7:39  Drone x4  
  45  8:13  Zergling x2  
  45  8:14  Zergling x16  
  47  8:30  Drone x3  
  48  8:50  Baneling x9  
  48  8:51  Baneling x9  
  48  8:56  Queen x2  
  48  8:57  Queen  
  46  9:37  Drone x12  
  46  9:38  Drone x3  
  51  9:56  Drone  
  51  9:57  Drone x2  
  51  10:00  Extractor  
  51  10:03  Extractor  
  49  10:13  Infestation Pit  
  48  10:16  Zerg Ground Armor Level 2  
  48  10:24  Drone x3  
  48  10:25  Queen  
  53  10:30  Extractor  
  53  10:31  Extractor  
  51  10:39  Zerg Missile Weapons Level 1  
  51  10:41  Hatchery  
  51  10:42  Drone  
  51  10:43  Drone x9  
  51  10:47  Hatchery  
  59  10:58  Zergling x8  
  59  10:59  Zergling x8  
  42  11:35  Hive  
  42  11:41  Hydralisk Den  
  41  11:51  Hatchery  
  40  12:04  Drone x3  
  43  12:16  Queen  
  43  12:21  Drone  
  43  12:22  Drone x2  
  48  12:27  Muscular Augments  
  48  12:31  Hydralisk  
  48  12:32  Hydralisk x11  
  48  12:33  Hatchery  
  71  12:38  Overseer  
  71  12:41  Overlord  
  51  13:25  Zergling x2  
  51  13:26  Zergling x24  
  29  13:55  Drone  
  30  14:01  Drone x8  
  38  14:20  Hatchery  
  24  14:38  Zergling x14  
  15  15:06  Drone x3  
  16  15:35  Hatchery  
  15  15:37  Drone  
  15  15:38  Drone x2  
  15  15:39  Drone  
  19  16:11  Drone  
  19  16:12  Drone x8  
  28  16:30  Drone  
  29  16:36  Drone x5  
  34  16:52  Drone x3  
Tags
 
Add a new tag
Caveats
  • Supply blocks, unpowered buildings, or Contaminate may cause inaccurate times.
  • Supply counts are checked every 10 seconds.